 Dungeon Crawl Stone Soup version 0.30-a0-715-gdb4ae3ece1 (webtiles) character file.

Game seed: 3039582132111779493

57388 Newt the Skirmisher (level 14, -2/108 HPs)
             Began as a Demonspawn Gladiator on Jan 23, 2023.
             Was a High Priest of Okawaru.
             Slain by an orc warrior
             ... wielding a +0 glaive
             ... led by Saint Roka
              (14 damage)
             ... on level 2 of the Orcish Mines.
             The game lasted 00:29:35 (19255 turns).

Newt the Skirmisher (Demonspawn Gladiator)         Turns: 19255, Time: 00:29:36

Health: -2/108     AC: 15    Str: 24    XL:     14   Next: 45%
Magic:  0/30       EV: 13    Int: 10    God:    Okawaru [*****.]
Gold:   2166       SH:  0    Dex: 16    Spells: 13/13 levels left

rFire   . . .      SeeInvis +    b - +7 triple crossbow (drain)
rCold   . . .      Faith    .    (shield currently unavailable)
rNeg    . . .      Spirit   +    s - +4 troll leather armour {Snorg}
rPois   +          Reflect  .    (helmet restricted)
rElec   .          Harm     .    T - +1 cloak {rPois}
rCorr   .          Rampage  .    D - +1 pair of gloves "Veelalez" {MP+9 SInv}
Will    ++...                    (no boots)
Stlth   ++                       V - amulet of guardian spirit
HPRegen 3.18/turn                c - +6 ring of strength
MPRegen 0.22/turn                O - +4 ring of slaying

@: studying Evocations
A: horns 2, powered by death 1, spiny 2, torment resistance 1, sharp scales 1,
demonic willpower
a: Renounce Religion, Heroism, Finesse, Duel


You were on level 2 of the Orcish Mines.
You worshipped Okawaru.
Okawaru was extremely pleased with you.
You visited 4 branches of the dungeon, and saw 18 of its levels.
You also visited: Sewer, Bailey and Gauntlet.

You collected 3076 gold pieces.
You spent 910 gold pieces at shops.

Inventory:

Hand Weapons
 a - a +9 battleaxe of freezing
 b - a +7 triple crossbow of draining (weapon)
Missiles
 e - 7 javelins
 m - 9 atropa-tipped darts
 p - 9 boomerangs
 B - 19 poisoned darts
 H - 2 silver javelins
 I - 3 datura-tipped darts
 X - 3 throwing nets
Armour
 s - a +4 troll leather armour (worn) {Snorg}
 D - the +1 pair of gloves "Veelalez" (worn) {MP+9 SInv}
   (You bought it in a shop on level 3 of the Dungeon)

   MP:        It affects your magic capacity (+9).
   SInv:      It lets you see invisible.
 T - a +1 cloak of poison resistance (worn)
 U - a +2 cloak of stealth
 W - the +1 pair of boots of Salvation {Will- Str+4}
   (Okawaru gifted it to you in a Gauntlet)

   Str:       It affects your strength (+4).
   Will:      It decreases your willpower.
Jewellery
 c - a +6 ring of strength (left hand)
 d - a ring of protection from fire
 x - a ring of wizardry
 z - a ring of magical power
 J - a ring of flight
 M - a +4 ring of protection
 O - a +4 ring of slaying (right hand)
 P - a ring of fire
 R - a ring of protection from cold
 V - an amulet of guardian spirit (around neck)
Wands
 y - a wand of flame (39)
 F - a wand of quicksilver (25)
 G - a wand of polymorph (10)
 L - a wand of roots (8)
Scrolls
 f - 8 scrolls of teleportation
 i - a scroll of blinking
 k - a scroll of amnesia
 o - 6 scrolls of fog
 v - a scroll of silence
 C - 5 scrolls of fear
 N - 8 scrolls of identify
 Y - a scroll of magic mapping
Potions
 g - 8 potions of curing
 j - 5 potions of magic
 l - 5 potions of lignification
 n - 5 potions of brilliance
 q - a potion of invisibility
 r - 3 potions of haste
 t - 5 potions of heal wounds
 u - 2 potions of berserk rage
 w - 2 potions of might
 A - a potion of cancellation
 E - 3 potions of flight
 K - 8 potions of ambrosia
 Q - a potion of resistance
 S - a potion of mutation
Miscellaneous
 h - a condenser vane


   Skills:
 - Level 9.0 Fighting
 - Level 2.6(4.0) Short Blades
 - Level 4.5(5.0) Long Blades
 - Level 6.0 Axes
 + Level 14.4 Ranged Weapons
 - Level 12.0 Throwing
 - Level 9.0 Armour
 - Level 4.0 Dodging
 - Level 2.0 Stealth
 - Level 10.0 Invocations
 - Level 5.0 Evocations


You had 13 spell levels left.
You didn't know any spells.
Your spell library contained the following spells:

 Spells                   Type           Power      Damage    Failure   Level
 Apportation              Tloc           0%         N/A       38%         1
 Magic Dart               Conj           0%         1d3       38%         1
 Necrotise                Necr           0%         1d4       38%         1
 Shock                    Conj/Air       0%         1d3       38%         1
 Static Discharge         Conj/Air       0%         2-2/arc   54%         2
 Mephitic Cloud           Conj/Pois/Air  0%         N/A       77%         3
 Swiftness                Air            0%         N/A       77%         3
 Vhi's Electric Charge    Tloc/Air       0%         N/A       77%         3
 Airstrike                Air            0%         2d(0-16)  99%         4
 Cause Fear               Hex            0%         N/A       99%         4
 Arcjolt                  Conj/Air       0%         1d10      100%        5
 Blade Hands              Tmut           0%         N/A       100%        5
 Lightning Bolt           Conj/Air       0%         1d11      100%        5
 Iron Shot                Conj/Erth      0%         9d1       100%        6
 Dragon Form              Tmut           0%         N/A       100%        7
 Storm Form               Tmut/Air       0%         N/A       100%        7
 Maxwell's Capacitive Co  Air            0%         ∞         100%        8
 Summon Small Mammal      Summ           Unusable   N/A       N/A         1
 Call Imp                 Summ           Unusable   N/A       N/A         2
 Animate Armour           Summ/Erth      Unusable   N/A       N/A         4
 Summon Lightning Spire   Summ/Air       Unusable   N/A       N/A         4
 Dragon's Call            Summ           Unusable   N/A       N/A         9

Dungeon Overview and Level Annotations

Branches:
Dungeon (10/15)            Temple (1/1) D:4            Lair (5/5) D:9
 Shoals (0/4) Lair:2        Snake (0/4) Lair:3        Slime (0/5) Lair:4
    Orc (2/2) D:10            Elf (0/3) Orc:2         Sewer (visited)
 Bailey (visited)         Gauntlet (visited)

Altars:
Ashenzari
Cheibriados
Dithmenos
Fedhas
Gozag
Hepliaklqana
Kikubaaqudgha
Makhleb
Nemelex Xobeh
Okawaru
Qazlal
Ru
Sif Muna
Trog
Uskayaw
Vehumet
Wu Jian
Xom
Yredelemnul
Jiyva

Shops:
D:3 :[(   D:4 :   D:5 =   D:10 =??[(

Portals:
Hell: Lair:5

Annotations:
D:7 3 runed translucent doors, b0rk's ghost, novice HOBe
Orc:2 Rupert; Saint Roka


Innate Abilities, Weirdness & Mutations

You have a pair of horns on your head.
You regenerate a little health from kills.
You are mostly covered in sharp spines.
You are resistant to unholy torment.
You are partially covered in razor-sharp scales. (AC +1, Slay +1)
You punish those that try to bend your will. (Will+)


Message History

Okay, then.
Throw: 4 javelins (silver)
Press: ? - help, Shift-Dir - straight line, f/p - orc warrior
Aim: an orc warrior, wielding a +0 short sword and wearing a +0 chain mail (almost dead, strong, 71% to hit)
You throw a silver javelin.
The silver javelin closely misses the orc warrior.
The silver javelin barely misses Rupert.
The silver javelin pierces through the orc!!!
You kill the orc!
The warg is struck by your spines. The warg bites you but does no damage.
Throw: 3 javelins (silver)
Press: ? - help, Shift-Dir - straight line, f/p - orc warrior
Aim: an orc warrior, wielding a +0 short sword and wearing a +0 chain mail (almost dead, strong, 71% to hit)
You throw a silver javelin.
The silver javelin pierces through Rupert.
Rupert is moderately wounded.
The silver javelin pierces through the orc warrior!
You kill the orc warrior!
Okawaru accepts your kill.
The silver javelin barely misses the orc priest.
Rupert hits you with a +0 battleaxe of flaming!!
Rupert burns you. The warg is struck by your spines.
The warg closely misses you. The orc warrior closely misses you.
The warg attacks as you move away! The warg bites you!
You shoot a bolt. The bolt hits Rupert.
Rupert is moderately wounded.
Rupert hits you with a +0 battleaxe of flaming!!
Rupert burns you!
Rupert hits you with a +0 battleaxe of flaming!!
* * * LOW HITPOINT WARNING * * *
Rupert burns you!
* * * LOW HITPOINT WARNING * * *
The orc sorcerer mumbles some strange words.
You feel troubled.
The orc priest calls down the wrath of Beogh upon you.
Beogh smites you!
* * * LOW HITPOINT WARNING * * *
Saint Roka says, "Down here, you're an orc or you're nobody."
The orc warrior hits you from afar with a +0 glaive!
You die...

#.....##....#####
#......#.....##.##
#...........#....#
##..............##
#...............#
#.......#..###..#
##..........# #..[
#..............#)#
####@................
####.h@.......#.........
#...oo#o...............#
###.)###.#..............
.......o##
##...............
.....))).
...............
#......))o
...............
##).)....oo ...... .
...(....).oh .... .


You could see Saint Roka, Rupert (berserk), a warg, an orc sorcerer (strong), an
orc warrior (strong) and an orc priest (strong).

Vanquished Creatures
  A minotaur (Gauntlet)
  Azrael (Orc:2)
  Snorg (Lair:3)
  Josephine (Orc:2)
  6 hydras
  Harold (Lair:1)
  A boulder beetle (D:10)
  2 death yaks (Lair:4)
  3 two-headed ogres
  A death scarab (Gauntlet)
  Urug (Lair:1)
  The ghost of Nabski the Destroyer, a journeyman TeFE of Vehumet (Lair:2)
  A sixfirhy (Lair:5)
  A wizard (Lair:5)
  A spectral hydra (Gauntlet)
  4 orc knights
  3 orc sorcerers (Orc:2)
  2 oklob plants (Lair:2)
  A manticore (Lair:2)
  2 black mambas (Lair:5)
  6 elephants (Lair:5)
  An orange demon (Lair:5)
  11 cane toads
  3 rime drakes
  4 ice devils (Lair:5)
  Psyche (D:8)
  11 komodo dragons
  A queen bee (D:9)
  2 polar bears (Lair:5)
  A wind drake (Lair:2)
  2 trolls
  A hellwing (Lair:5)
  A tyrant leech (Gauntlet)
  A hornet (D:9)
  29 blink frogs
  4 wyverns
  2 slime creatures (Lair:2)
  3 shadows
  6 wraiths
  A basilisk (Lair:5)
  3 chaos spawn (Gauntlet)
  5 fire elementals (Orc:2)
  6 wargs
  37 yaks
  Menkaure (D:5)
  A neqoxec (Gauntlet)
  5 nagas (Lair:3)
  Edmund (D:5)
  2 swamp worms (Gauntlet)
  An acid dragon (D:9)
  8 hell hounds
  15 water moccasins
  20 orc warriors
  2 ice beasts
  2 sky beasts
  5 ogres
  9 wolves
  4 black bears
  A centaur (D:7)
  2 phantoms
  A kobold brigand (Sewer)
  6 bullfrogs
  4 necrophages
  3 scorpions
  10 wights
  23 killer bees
  5 howler monkeys
  6 hounds
  8 jellies
  19 orc priests
  A gnoll bouda (D:5)
  Jessica (D:2)
  4 iguanas
  10 orc wizards
  Natasha (thrice) (D:3)
  4 hell rats (Lair:3)
  5 ogre zombies (D:10)
  11 gnolls
  3 adders
  A shadow imp (D:5)
  2 white imps (D:6)
  An ufetubus (D:6)
  2 worms
  3 dart slugs
  57 orcs
  5 ball pythons
  6 endoplasms
  6 giant cockroaches
  7 goblins
  6 hobgoblins
  2 jackals (D:4)
  21 kobolds
  3 quokkas
  4 bats
  3 frilled lizards
  A goblin skeleton (D:10)
  A goblin zombie (D:10)
  A hobgoblin skeleton (D:10)
  A hobgoblin zombie (D:10)
  15 orc zombies (D:10)
  7 rats
538 creatures vanquished.

Vanquished Creatures (others)
  Maurice (D:9)
  An orc (Orc:2)
  2 demonic plants (Gauntlet)
  27 fungi
  26 plants
  14 withered plants (Gauntlet)
71 creatures vanquished.

Grand Total: 609 creatures vanquished

Notes
Turn   | Place    | Note
-------+----------+-------------------------------------------
     0 | D:1      | Newt the Demonspawn Gladiator began the quest for the Orb.
     0 | D:1      | Reached XP level 1. HP: 16/16 MP: 1/1
   260 | D:1      | Reached skill level 1 in Stealth
   629 | D:1      | Gained mutation: You are partially covered in sharp spines.
                  | [demonic ancestry]
   629 | D:1      | Reached XP level 2. HP: 21/22 MP: 2/2
  1008 | D:2      | Noticed Jessica
  1018 | D:2      | Killed Jessica
  1019 | D:2      | Reached XP level 3. HP: 10/29 MP: 3/3
  1223 | D:2      | Reached XP level 4. HP: 32/37 MP: 4/4
  1863 | D:3      | Found Ucuvav's Antique Armour Shop.
  1962 | D:3      | Found Qahaxt's Weapon Shop.
  1990 | D:3      | Found a faded altar of an unknown god.
  1999 | D:3      | Noticed Natasha
  2010 | D:3      | Killed Natasha
  2011 | D:3      | Gained mutation: You regenerate a little health from kills.
                  | [demonic ancestry]
  2011 | D:3      | Reached XP level 5. HP: 36/42 MP: 5/5
  2113 | D:3      | Noticed Natasha
  2120 | D:3      | Killed Natasha
  2330 | D:3      | Found Ynkis's Book Boutique.
  2336 | D:3      | Noticed Natasha
  2348 | D:3      | Killed Natasha
  2992 | D:4      | Gained mutation: You have a pair of small horns on your
                  | head. [demonic ancestry]
  2992 | D:4      | Reached XP level 6. HP: 29/48 MP: 6/6
  3178 | D:4      | Found Muwarila's Book Emporium.
  3415 | D:4      | Found a staircase to the Ecumenical Temple.
  3453 | Temple   | Entered the Ecumenical Temple
  3460 | Temple   | Became a worshipper of Warmaster Okawaru
  3744 | D:4      | Reached skill level 5 in Throwing
  3765 | D:4      | You fall into a shaft and drop 1 floor!
  3765 | D:5      | Entered Level 5 of the Dungeon
  3786 | D:5      | Found a glowing drain.
  3815 | D:5      | Gained mutation: You are mostly covered in sharp spines.
                  | [demonic ancestry]
  3815 | D:5      | Reached XP level 7. HP: 54/54 MP: 7/7
  3820 | D:5      | Reached * piety under Okawaru
  3834 | D:5      | Reached skill level 5 in Fighting
  3861 | D:5      | Noticed Edmund
  3863 | Sewer    | Entered a sewer
  4024 | Sewer    | Found the +1 Delatra's gloves {ID++}
  4557 | D:3      | Bought a pair of brightly glowing gloves for 190 gold
                  | pieces
  4557 | D:3      | Identified the +1 pair of gloves "Veelalez" {MP+9 SInv}
                  | (You bought it in a shop on level 3 of the Dungeon)
  4742 | D:5      | Found Zeebb's Jewellery Boutique.
  4771 | D:5      | Killed Edmund
  4772 | D:5      | Reached XP level 8. HP: 64/64 MP: 8/8
  4801 | D:5      | Noticed Menkaure
  4809 | D:5      | Killed Menkaure
  4809 | D:5      | Reached ** piety under Okawaru
  5756 | D:6      | Reached skill level 1 in Long Blades
  5849 | D:6      | Gained mutation: You are partially covered in razor-sharp
                  | scales. (AC +1, Slay +1) [demonic ancestry]
  5849 | D:6      | Reached XP level 9. HP: 39/69 MP: 9/9
  6037 | D:6      | Reached *** piety under Okawaru
  6126 | D:6      | Noticed a two-headed ogre
  6133 | D:6      | Killed a two-headed ogre
  6133 | D:6      | Received a gift from Okawaru
  6134 | D:6      | Reached skill level 1 in Armour
  6489 | D:7      | Noticed a two-headed ogre
  6500 | D:7      | Killed a two-headed ogre
  6500 | D:7      | Reached **** piety under Okawaru
  6501 | D:7      | Reached skill level 5 in Armour
  6501 | D:7      | Reached skill level 1 in Evocations
  6662 | D:7      | Received a gift from Okawaru
  6766 | D:7      | Found a runed translucent gate.
  6766 | D:7      | Found a runed translucent gate.
  6766 | D:7      | Found a runed translucent gate.
  6767 | D:7      | Noticed b0rk's ghost (novice HOBe)
  6796 | D:7      | Received a gift from Okawaru
  6797 | D:7      | Gained mutation: You have a pair of horns on your head.
                  | [demonic ancestry]
  6797 | D:7      | Reached XP level 10. HP: 53/76 MP: 10/10
  6924 | D:7      | Identified the +1 quarterstaff of the Eight Tales {freeze,
                  | rC+}
  7127 | D:8      | Found a shimmering altar of Xom.
  7229 | D:8      | Noticed a two-headed ogre
  7243 | D:8      | Killed a two-headed ogre
  7243 | D:8      | Received a gift from Okawaru
  7244 | D:8      | Reached skill level 5 in Evocations
  7247 | D:8      | Reached skill level 1 in Invocations
  7536 | D:8      | Noticed Psyche
  7545 | D:8      | Killed Psyche
  7546 | D:8      | Reached skill level 5 in Invocations
  7546 | D:8      | Reached skill level 1 in Axes
  7712 | D:8      | Found a stormy altar of Qazlal.
  7717 | D:8      | Found a shimmering blue altar of Sif Muna.
  7717 | D:8      | Found a burning altar of Makhleb.
  7731 | D:8      | Found an ancient bone altar of Kikubaaqudgha.
  7876 | D:9      | Reached ***** piety under Okawaru
  8310 | D:9      | Received a gift from Okawaru
  8323 | D:9      | Reached skill level 5 in Axes
  8470 | D:9      | Reached XP level 11. HP: 61/82 MP: 14/14
  8924 | D:9      | Found a staircase to the Lair.
  8931 | D:9      | Received a gift from Okawaru
  9220 | D:9      | Noticed Maurice
  9227 | D:9      | Killed Maurice
  9670 | D:10     | Entered Level 10 of the Dungeon
  9704 | D:10     | Found Ajoemm's Antique Armour Shop.
  9713 | D:10     | Noticed a boulder beetle
  9727 | D:10     | Killed a boulder beetle
  9727 | D:10     | Received a gift from Okawaru
  9760 | D:10     | Found Pudafeis's Antique Weapon Boutique.
  9798 | D:10     | Found Jevvynown's Magic Scroll Boutique.
  9805 | D:10     | Found a flagged portal.
  9821 | Bailey   | Entered a bailey
 10122 | Bailey   | Noticed an orc knight
 10126 | Bailey   | Killed an orc knight
 10166 | D:10     | Bought a scroll of enchant weapon for 120 gold pieces
 10166 | D:10     | Bought a scroll of identify for 32 gold pieces
 10167 | D:10     | Acquired 468 gold pieces
 10199 | D:10     | Found Duim's Jewellery Emporium.
 10208 | D:10     | Reached skill level 10 in Throwing
 10289 | D:10     | Bought an amulet of guardian spirit for 480 gold pieces
 10335 | D:10     | Found Johavu Magi's Magic Scroll Shop.
 10366 | D:10     | Bought a scroll of identify for 22 gold pieces
 10366 | D:10     | Bought 3 scrolls of identify for 66 gold pieces
 10424 | D:10     | Found a staircase to the Orcish Mines.
 10706 | D:10     | Received a gift from Okawaru
 10889 | Lair:1   | Entered Level 1 of the Lair of Beasts
 11001 | Lair:1   | Noticed Harold
 11010 | Lair:1   | Killed Harold
 11011 | Lair:1   | Gained mutation: You punish those that try to bend your
                  | will. (Will+) [demonic ancestry]
 11011 | Lair:1   | Reached XP level 12. HP: 55/95 MP: 12/15
 11544 | Lair:1   | Noticed Urug
 11552 | Lair:1   | Killed Urug
 11859 | Lair:2   | Found a staircase to the Shoals.
 12023 | Lair:2   | Noticed a five-headed hydra
 12030 | Lair:2   | Killed a five-headed hydra
 12276 | Lair:2   | Reached skill level 10 in Invocations
 12280 | Lair:2   | Identified the +1 robe "Baduerus" {+Blink rPois rF- Dex+8}
 12367 | Lair:2   | HP: 4/95 [poisoned by a cane toad]
 12639 | Lair:2   | Found a runed translucent gate.
 12639 | Lair:2   | Found a runed translucent gate.
 12639 | Lair:2   | Found a runed translucent gate.
 12645 | Lair:2   | Noticed Nabski's ghost (journeyman TeFE)
 12657 | Lair:2   | Found a viscous altar of Jiyva.
 12667 | Lair:2   | Killed Nabski's ghost
 13045 | Lair:2   | Received a gift from Okawaru
 13117 | Lair:2   | Found a blossoming altar of Fedhas.
 14339 | Lair:3   | Noticed Snorg
 14340 | Lair:3   | Received a gift from Okawaru
 14350 | Lair:3   | Killed Snorg
 14351 | Lair:3   | Reached XP level 13. HP: 51/101 MP: 9/20
 14919 | Lair:3   | Reached ****** piety under Okawaru
 14923 | Lair:3   | Reached skill level 1 in Ranged Weapons
 14926 | Lair:3   | Received a gift from Okawaru
 15213 | Lair:3   | Found a staircase to the Snake Pit.
 15631 | Lair:4   | Reached skill level 2 in Ranged Weapons
 15743 | Lair:4   | Reached skill level 3 in Ranged Weapons
 15746 | Lair:4   | Reached skill level 4 in Ranged Weapons
 15771 | Lair:4   | Reached skill level 5 in Ranged Weapons
 15849 | Lair:4   | Found a staircase to the Slime Pits.
 15854 | Lair:4   | Reached skill level 6 in Ranged Weapons
 15908 | Lair:4   | Reached skill level 7 in Ranged Weapons
 15942 | Lair:4   | Reached skill level 8 in Ranged Weapons
 16001 | Lair:4   | Received a gift from Okawaru
 16377 | Lair:5   | Entered Level 5 of the Lair of Beasts
 16457 | Lair:5   | Reached skill level 9 in Ranged Weapons
 16469 | Lair:5   | Reached skill level 10 in Ranged Weapons
 16622 | Lair:5   | Received a gift from Okawaru
 16710 | Lair:5   | Found a gate leading to a gauntlet.
 16732 | Gauntlet | Entered a Gauntlet
 16732 | Gauntlet | Found a transporter.
 16732 | Gauntlet | Found a transporter.
 16767 | Gauntlet | Found a transporter.
 16768 | Gauntlet | Found a transporter.
 16769 | Gauntlet | Found a transporter.
 16782 | Gauntlet | Found a transporter.
 16783 | Gauntlet | Found a transporter.
 16794 | Gauntlet | Found a transporter.
 16883 | Gauntlet | Found a transporter.
 16893 | Gauntlet | Found a transporter.
 16897 | Gauntlet | Found a transporter.
 16907 | Gauntlet | Found a transporter.
 16978 | Gauntlet | Identified the +1 pair of boots of Salvation {Will- Str+4}
                  | (Okawaru gifted it to you in a Gauntlet)
 16978 | Gauntlet | Received a gift from Okawaru
 17004 | Gauntlet | Reached skill level 11 in Ranged Weapons
 17105 | Gauntlet | Acquired 734 gold pieces
 17106 | Gauntlet | Acquired 733 gold pieces
 17107 | Gauntlet | Acquired a manual of Evocations
 17160 | Gauntlet | Noticed a minotaur
 17169 | Gauntlet | Killed a minotaur
 17308 | Lair:5   | Reached skill level 12 in Ranged Weapons
 17559 | Lair:5   | Gained mutation: You are resistant to unholy torment.
                  | [demonic ancestry]
 17559 | Lair:5   | Reached XP level 14. HP: 95/108 MP: 20/21
 18043 | Lair:5   | Found a burning altar of Makhleb.
 18049 | Lair:5   | Reached skill level 13 in Ranged Weapons
 18201 | Lair:5   | Found a gateway to Hell.
 18560 | Orc:1    | Entered Level 1 of the Orcish Mines
 18603 | Orc:1    | Found an iron altar of Okawaru.
 18742 | Orc:2    | Entered Level 2 of the Orcish Mines
 18921 | Orc:2    | Noticed Josephine
 18928 | Orc:2    | Killed Josephine
 18928 | Orc:2    | Received a gift from Okawaru
 18935 | Orc:2    | Reached skill level 14 in Ranged Weapons
 18964 | Orc:2    | Found a staircase to the Elven Halls.
 18990 | Orc:2    | Noticed Azrael
 18996 | Orc:2    | Killed Azrael
 18996 | Orc:2    | Received a gift from Okawaru
 19242 | Orc:2    | Noticed Rupert
 19242 | Orc:2    | Noticed Saint Roka
 19255 | Orc:2    | Slain by an orc warrior

Illustrated notes

Levels and vault maps discovered:
D:1:      dpeg_arrival_rooms_a, layout_loops_corners, minmay_splitting_lines,
          serial_bayou_lake_a
D:2:      minmay_diamond_boxcup, layout_basic, uniq_jessica
D:3:      layout_loops_ring, serial_shops, nicolae_shop_bloodbath_and_beyond,
          shop, nicolae_shop_crystal, hellmonk_ecumenical_altar_arch_garden,
          lemuel_flame_loot_1, uniq_natasha
D:4:      layout_loops_corners, minmay_temple_entry_butterflies, serial_shops,
          nicolae_stop_n_shop_2
D:5:      layout_rooms, tso_oasis_becter, cheibrodos_sewer_entry_drain,
          serial_shops, kennysheep_mini, serial_glass, glass_columns_a,
          glass_columns_c, glass_columns_a, glass_columns_a, uniq_edmund,
          uniq_menkaure
D:6:      layout_loops_ring
D:7:      layout_cave_pools, ebering_ghost_rock_garden
D:8:      layout_rooms, dk_xom_monty_hall, minmay_overflow_temple_star_hex,
          uniq_psyche
D:9:      layout_loops_cross, grunt_lair_entry_orc_guard_hut, special_room
          [special_room_bee], uniq_maurice
D:10:     layout_cave_pools, zombieorc1_lemuel, serial_shops,
          nicolae_shop_behind_doors, shop, kennysheep_mini_moat,
          nicolae_shop_overgrown_old_shop, nicolae_lakefront_shop,
          enter_bailey_6, nooodl_orcs_dogs
Temple:   nicolae_temple_no_exploring_needed
Lair:1:   layout_big_grid, serial_bayou_shore_b, uniq_harold, uniq_urug
Lair:2:   layout_regular_city, minmay_shoals_entry_beasts, gammafunk_ghost_ooze,
          hangedman_tree_tricks, grunt_megastairs_4
Lair:3:   layout_loops_ring, minmay_snake_entry_guardpost_medium,
          chequers_serial_rivers_small_a, infiniplex_staircase_pool, uniq_snorg
Lair:4:   layout_misc_corridors, nicolae_slime_entry_field_trip,
          small_statue_intersection, beast_lair_carwin_6
Lair:5:   evil_forest, layout_cave_pods, gauntlet_entry_generic, minivault_26
Orc:1:    layout_caves, okawaru_metal_pillars_1_2
Orc:2:    grunt_orc_tribal_feast, layout_caves, uniq_rupert, uniq_josephine,
          uniq_saint_roka, uniq_azrael

Skill      XL: |  1  2  3  4  5  6  7  8  9 10 11 12 13 14 |
---------------+-------------------------------------------+-----
Stealth        | 1 2 |  2.0
Fighting       | 3 4 6 9 |  9.0
Throwing       | 2 4 6 9 11 12 | 12.0
Long Blades    | 2 4 |  4.5
Dodging        | 4 |  4.0
Armour         | 5 8 9 |  9.0
Evocations     | 2 5 |  5.0
Invocations    | 5 10 | 10.0
Axes           | 6 |  6.0
Ranged Weapons | 12 14 | 14.4
Short Blades   | |  2.6

Action                     |  1- 3 |  4- 6 |  7- 9 | 10-12 | 13-15 || total
---------------------------+-------+-------+-------+-------+-------++-------
  Melee: Rapier            |    59 |    95 |       |       |       ||   154
         Punch             |       |     1 |       |     1 |       ||     2
         Falchion          |       |    23 |   190 |    32 |       ||   245
         Headbutt          |       |     4 |    40 |    53 |    30 ||   127
         Battleaxe         |       |       |       |   250 |   160 ||   410
   Fire: Triple crossbow   |       |       |       |       |   173 ||   173
  Throw: Throwing net      |     3 |     2 |     1 |     1 |     1 ||     8
         Javelin           |     2 |     6 |    12 |    47 |    23 ||    90
         Dart              |       |       |    17 |     9 |     3 ||    29
         Boomerang         |       |       |     2 |       |       ||     2
 Invoke: Heroism           |       |       |       |     2 |     4 ||     6
         Finesse           |       |       |       |     1 |       ||     1
  Evoke: Wand              |       |       |       |     7 |     1 ||     8
    Use: Scroll            |     4 |     7 |     3 |     8 |    17 ||    39
         Potion            |       |     1 |     1 |     4 |     4 ||    10
   Stab: Sleeping          |     2 |     7 |     3 |     5 |     1 ||    18
         Held in net/web   |     2 |     1 |       |       |       ||     3
         Distracted        |       |       |     1 |     2 |       ||     3
         Invisible         |       |       |       |     4 |       ||     4
 Armour: Leather armour    |    22 |    28 |    71 |    98 |       ||   219
         Skin              |       |       |       |     6 |       ||     6
         Troll leather arm |       |       |       |       |   155 ||   155
  Dodge: Dodged            |    30 |    70 |   121 |   198 |   268 ||   687

Table legend: (Time is in decaauts)
 A = Elapsed time spent in this place.
 B = Non-inter-level travel time spent in this place.
 C = Inter-level travel time spent in this place.
 D = Time resting spent in this place.
 E = Time spent auto-exploring this place.
 F = Levels seen in this place.
 G = Mean time per level.
                   A        B        C        D        E       F      G
               +--------+--------+--------+--------+--------+-----+--------+
         Total |  19664 |  18910 |    754 |   4291 |  11283 |  21 |  936.4 |
       Dungeon |  10506 |  10060 |    446 |   2002 |   6346 |  10 | 1050.6 |
        Temple |     14 |      7 |      7 |      0 |      0 |   1 |   14.0 |
          Lair |   7293 |   7010 |    283 |   1926 |   4109 |   5 | 1458.6 |
  Orcish Mines |    764 |    747 |     17 |    274 |    249 |   2 |  382.0 |
         Sewer |    274 |    274 |      0 |      0 |    139 |   1 |  274.0 |
        Bailey |    362 |    362 |      0 |      0 |    263 |   1 |  362.0 |
      Gauntlet |    448 |    448 |      0 |     89 |    176 |   1 |  448.0 |
               +--------+--------+--------+--------+--------+-----+--------+

Top non-repeatable levels by time:
  Lair:2: 2521 daAuts
  Lair:5: 1659 daAuts
     D:9: 1519 daAuts
  Lair:3: 1270 daAuts
     D:8: 1241 daAuts
     D:6: 1145 daAuts
     D:5: 1080 daAuts
     D:3: 1031 daAuts
  Lair:1: 993 daAuts
     D:4: 990 daAuts
     D:1: 945 daAuts
    D:10: 915 daAuts
     D:2: 907 daAuts
  Lair:4: 848 daAuts
     D:7: 728 daAuts
